 Dungeon Crawl Stone Soup version 0.32-a0-913-g739538afd8 (webtiles) character file.

Game seed: 14299069816117497904

0 Esekla the Conjurer (level 1, 0/13 HPs)
             Began as a Demonspawn Wanderer on Apr 7, 2024.
             Slain by a gnoll
             ... wielding a +0 whip
              (4 damage)
             ... on level 1 of the Dungeon.
             The game lasted 00:01:07 (93 turns).

Esekla the Conjurer (Demonspawn Wanderer)             Turns: 93, Time: 00:01:07

Health: 0/13       AC:  3    Str: 12    XL:     1   Next: 8%
Magic:  2/2        EV: 11    Int: 14    God:
Gold:   0          SH:  0    Dex: 10    Spells: 2/2 levels left

rFire   . . .        a - +0 club
rCold   . . .        (no shield)
rNeg    . . .        c - +0 robe
rPois   .            d - +0 helmet
rElec   .            (no cloak)
rCorr   .            (no gloves)
SInv    .            (no boots)
Will    .....        (no amulet)
Stlth   +            (no ring)
HPRegen 0.22/turn    (no ring)
MPRegen 0.08/turn

%: no passive effects
@: no status effects
A: no striking features
a: no special abilities


You were on level 1 of the Dungeon.
You visited 1 branch of the dungeon, and saw 1 of its levels.

Inventory:

Hand Weapons
 a - a +0 club (weapon)
Armour
 c - a +0 robe (worn)
 d - a +0 helmet (worn)
Scrolls
 b - a scroll of fog


   Skills:
 * Level 0.2 Fighting
 + Level 1.0 Throwing
 + Level 1.0 Armour
 + Level 1.7 Dodging
 * Level 1.0 Spellcasting
 + Level 2.0 Conjurations
 + Level 1.1 Necromancy
 + Level 1.2 Invocations
 + Level 1.0 Evocations


You had 2 spell levels left.
You didn't know any spells.
Your spell library contained the following spells:

 Spells                   Type           Power      Damage    Failure   Level
 Foxfire                  Conj/Fire      12%        2x1d4     17%         1
 Necrotise                Necr           12%        1d4       17%         1
 Sting                    Conj/Alch      12%        1d3       17%         1
 Fugue of the Fallen      Necr           3%         N/A       45%         3
 Mephitic Cloud           Conj/Alch/Air  2%         N/A       52%         3


Dungeon Overview and Level Annotations

Branches:
Dungeon (1/15)

Altars:


Message History

There is a dry fountain here.
A ball python comes into view.
A frilled lizard comes into view.
Found a scroll labelled KEAM BIAWUGH.
The frilled lizard hisses angrily.
You barely miss the frilled lizard. The frilled lizard bites you.
You barely miss the frilled lizard. The frilled lizard bites you.
You hit the frilled lizard.
You kill the frilled lizard!
You start resting.
HP restored.
There is a dry fountain here.
There is a dry fountain here.
A gnoll comes into view. It is wielding a +0 whip.
Okay, then.
You don't know any spells.
Unknown command.
You hit the gnoll.
The gnoll is lightly wounded.
The gnoll completely misses you. The gnoll misses you.
You hit the gnoll.
The gnoll is moderately wounded.
The gnoll hits you but does no damage.
You hit the gnoll.
The gnoll is moderately wounded.
The gnoll completely misses you.
You hit the gnoll.
The gnoll is heavily wounded.
The gnoll barely misses you. The gnoll hits you with a +0 whip!
Ouch! That really hurt!
You hit the gnoll but do no damage.
The gnoll is heavily wounded.
The gnoll misses you.
You closely miss the gnoll.
The gnoll is heavily wounded.
The gnoll hits you with a +0 whip.
You barely miss the gnoll.
The gnoll is heavily wounded.
The gnoll barely misses you. The gnoll hits you with a +0 whip.
You die...

#####################
....................#
#.####.####.####@##...#
...##...##...##.g.# .
.⌠.##.⌠.##.⌠.##.⌠.#
...##...##...##...#
#.####.####.####.##
#.####.####.####.##
...................
........<..........
...................


You could see a gnoll.

Vanquished Creatures
  A frilled lizard (D:1)
1 creature vanquished.

Notes
Turn   | Place    | Note
-------+----------+-------------------------------------------
     0 | D:1      | Esekla the Demonspawn Wanderer began the quest for the Orb.
     0 | D:1      | Esekla set off with the following items: a +0 club, a
                  | scroll of fog, a +0 robe, a +0 helmet; and the following
                  | spells available to memorise: Foxfire, Necrotise, Sting,
                  | Fugue of the Fallen, Mephitic Cloud.
     0 | D:1      | Reached XP level 1. HP: 13/13 MP: 2/2
    93 | D:1      | Slain by a gnoll

Illustrated notes

Levels and vault maps discovered:
D:1:      dpeg_arrival_chambers_temple_mockup, layout_basic, amethyst_killhole,
          minmay_misc_feat_x, minmay_ruptured

Action                     || total
---------------------------++-------
  Melee: Club              ||    10
 Armour: Robe              ||     6
  Dodge: Dodged            ||     6

Table legend: (Time is in decaauts)
 A = Elapsed time spent in this place.
 B = Non-inter-level travel time spent in this place.
 C = Inter-level travel time spent in this place.
 D = Time resting spent in this place.
 E = Time spent auto-exploring this place.
 F = Levels seen in this place.
 G = Mean time per level.
                   A        B        C        D        E       F      G
               +--------+--------+--------+--------+--------+-----+--------+
         Total |     95 |     95 |      0 |      9 |      0 |   1 |   95.0 |
       Dungeon |     95 |     95 |      0 |      9 |      0 |   1 |   95.0 |
               +--------+--------+--------+--------+--------+-----+--------+

Top non-repeatable levels by time:
     D:1: 95 daAuts
